 Dungeon Crawl Stone Soup version 0.20-a0-1062-g7b787ac (webtiles) character file.

303 JeffiDaFish the Stinger (level 6, -10/38 HPs)
             Began as a Gargoyle Venom Mage on Apr 27, 2017.
             Killed by divine providence
             ... invoked by an orc priest
              (12 damage)
             ... on level 3 of the Dungeon.
             The game lasted 00:13:43 (2872 turns).

JeffiDaFish the Stinger (Gargoyle Venom Mage)       Turns: 2872, Time: 00:13:44

Health: -10/38     AC: 13    Str: 12    XL:     6   Next: 38%
Magic:  0/10       EV: 11    Int: 15    God:
Gold:   211        SH:  0    Dex: 12    Spells: 2/11 levels left

rFire    + . .     SeeInvis +   p - +5 club
rCold    . . .     Gourm    .   (no shield)
rNeg     + . .     Faith    .   k - +3 ring mail
rPois    ∞         Spirit   .   q - +0 helmet
rElec    +         Reflect  .   (no cloak)
rCorr    .         Harm     .   (no gloves)
MR       .....                  (no boots)
Stlth    +.........             (no amulet)
Regen    0.2/turn               e - ring of see invisible
MPRegen  0.2/turn               o - ring of protection from fire

@: very slightly contaminated
A: negative energy resistance 1, robust 1, electricity resistance, wild magic 1,
unbreathing, petrification resistance, rot immunity, AC +4
a: no special abilities


You were on level 3 of the Dungeon.
You were not hungry.

You visited 1 branch of the dungeon, and saw 4 of its levels.

You collected 211 gold pieces.

Inventory:

Hand Weapons
 p - a +5 club (weapon)
Missiles
 h - 6 curare-tipped needles (quivered)
Armour
 k - a +3 ring mail (worn)
 q - a +0 helmet (worn)
Jewellery
 e - a ring of see invisible (left hand)
 o - a ring of protection from fire (right hand)
Scrolls
 g - a scroll of remove curse
 j - a scroll of magic mapping
 m - a scroll of identify
 n - 2 scrolls of amnesia
 r - a scroll of teleportation
Potions
 a - a potion of haste
 s - a potion of mutation
Books
 b - a Young Poisoner's Handbook

   Spells                             Type                      Level
   a - Sting                          Conjuration/Poison           1
   b - Poisonous Vapours              Poison/Air                   2
   c - Mephitic Cloud                 Conjuration/Poison/Air       3
   d - Olgreb's Toxic Radiance        Poison                       4
   e - Venom Bolt                     Conjuration/Poison           5
 l - a book of Misfortune

   Spells                             Type                      Level
   a - Confusing Touch                Hexes                        1
   b - Confuse                        Hexes                        3
   c - Gell's Gravitas                Translocation                3
   d - Petrify                        Transmutation/Earth          4
   e - Metabolic Englaciation         Hexes/Ice                    5
   f - Yara's Violent Unravelling     Hexes/Transmutation          5
Comestibles
 c - 3 bread rations
 d - 5 meat rations
 f - 6 fruits
 t - 8 chunks of flesh


   Skills:
 + Level 2.1 Fighting
 + Level 0.6 Maces & Flails
 + Level 1.3 Armour
 - Level 1.9 Dodging
 - Level 2.1 Stealth
 - Level 0.2 Unarmed Combat
 * Level 3.1 Spellcasting
 * Level 2.9 Conjurations
 + Level 0.3 Hexes
 + Level 1.3 Air Magic
 + Level 4.1 Poison Magic


You had 2 spell levels left.
You knew the following spells:

 Your Spells              Type           Power        Failure   Level  Hunger
a - Sting                 Conj/Pois      ###.         14%         1    #......
b - Poisonous Vapours     Pois/Air       ##....       30%         2    ##.....
c - Mephitic Cloud        Conj/Pois/Air  ##......     47%         3    ###....
d - Confuse               Hex            #.......     82%         3    ###....


Dungeon Overview and Level Annotations

Branches:
Dungeon (4/15)
 Temple: D:4-7

Altars:
Dithmenos
Fedhas
Uskayaw
Yredelemnul

Shops:
D:4 [


Innate Abilities, Weirdness & Mutations

You are resistant to torment.
Your stone body is resilient. (AC +4)
You are immune to poison.
You resist negative energy. (rN+)
You are resistant to electric shocks. (rElec)
You can survive without breathing.
You are immune to petrification.
You are immune to rotting.
You are robust. (+10% HP)
Your spells are a little harder to cast, but a little more powerful.


Message History

* * * LOW HITPOINT WARNING * * *
Okay, then.
Casting: Mephitic Cloud
Confirm with . or Enter, or press ? or * to list all spells.
Aiming: Poisonous Vapours
Press: ? - help, Dir - move target cursor, f - orc priest, p - orc
Aim: an orc priest, wielding a whip (severely wounded)
You miscast Poisonous Vapours.
Nothing appears to happen.
The orc priest barely misses you. The orc hits you but does no damage.
You barely miss the orc priest.
The orc priest is severely wounded.
The orc priest hits you but does no damage.
The orc barely misses you.
The orc priest hits you but does no damage.
You hit the orc priest.
The orc priest is almost dead.
The orc closely misses you.
The orc priest invokes the aid of Beogh against you.
Beogh smites you!
You die...

##.### .....###
##.##..## ##+####.###
..........####
##+######....#
............o#########
##+####.#..o.#.......#
##.##..##..)...o@.>..#
.....#####.....)o....#
##.### #...#.......#
#.#.# #...#..)....#
#.#.# #...#...)...#
#...#####.###.......#
####..(##..# ##.######
.....(....## #.#####
....(.....# ##.##..#


You could see an orc priest and 2 orcs.

Vanquished Creatures
  Crazy Yiuf (D:3)
  A bullfrog skeleton (D:4)
  Jessica (D:2)
  A worker ant (D:4)
  A howler monkey zombie (D:4)
  3 gnolls (D:2)
  9 adders
  An ooze (D:3)
  2 worms
  A dart slug (D:1)
  A leopard gecko (D:4)
  6 orcs
  A ball python (D:1)
  5 giant cockroaches
  10 goblins
  4 hobgoblins
  7 jackals
  2 quokkas
  7 bats
  2 frilled lizards
  7 kobolds
  5 rats
78 creatures vanquished.

Notes
Turn   | Place    | Note
-------+----------+-------------------------------------------
     0 | D:1      | JeffiDaFish the Gargoyle Venom Mage began the quest for the Orb.
     0 | D:1      | Reached XP level 1. HP: 10/10 MP: 3/3
   196 | D:1      | Reached XP level 2. HP: 11/15 MP: 3/5
   516 | D:1      | Reached XP level 3. HP: 19/19 MP: 4/6
   719 | D:1      | Learned a level 2 spell: Poisonous Vapours
   723 | D:1      | Learned a level 3 spell: Mephitic Cloud
   995 | D:2      | Reached skill level 1 in Fighting
  1036 | D:2      | Reached XP level 4. HP: 25/25 MP: 4/7
  1298 | D:2      | Noticed Jessica
  1320 | D:2      | Killed Jessica
  1692 | D:2      | Found a shadowy altar of Dithmenos.
  1694 | D:2      | Found a blossoming altar of Fedhas.
  1699 | D:2      | Found a hide-covered altar of Uskayaw.
  1702 | D:2      | Found a basalt altar of Yredelemnul.
  1859 | D:2      | Reached XP level 5. HP: 26/29 MP: 4/8
  1967 | D:3      | Reached skill level 1 in Air Magic
  2053 | D:3      | Found a basalt altar of Yredelemnul.
  2304 | D:3      | Found a runed door.
  2308 | D:3      | Noticed Crazy Yiuf
  2323 | D:3      | Killed Crazy Yiuf
  2323 | D:3      | Reached skill level 1 in Armour
  2328 | D:3      | Gained mutation: You are robust. (+10% HP) [potion of mutation]
  2328 | D:3      | Gained mutation: Your spells are a little harder to cast, but a little more powerful. [potion of mutation]
  2404 | D:4      | Reached skill level 4 in Poison Magic
  2412 | D:4      | Reached XP level 6. HP: 27/38 MP: 7/10
  2481 | D:4      | Learned a level 3 spell: Confuse
  2686 | D:4      | Found Nienkosch's Armour Emporium.
  2872 | D:3      | Killed from afar by an orc priest

Vault maps used:
D:1:      dpeg_arrival_three_same_balls, amethyst_killhole, minmay_tetromino_t4
D:2:      grunt_temple_overflow_cloverleaf, first_bread, uniq_jessica
D:3:      corexii_leaking_fountain, interstate_on_off,
          yredelemnul_altar_generic, uniq_crazy_yiuf_cottage
D:4:      minmay_temple_entry_statues_fountains, serial_shops, kennysheep_mini,
          nemelex_lonely_heart_becter

Skill      XL: |  1  2  3  4  5  6 |
---------------+-------------------+-----
Fighting       | 1 2 |  2.1
Conjurations   | 2 |  2.9
Air Magic      | 1 |  1.3
Armour         | 1 |  1.3
Poison Magic   | 4 |  4.1
Spellcasting   | 3 |  3.1
Maces & Flails | |  0.6
Dodging        | |  1.9
Stealth        | |  2.1
Unarmed Combat | |  0.2
Hexes          | |  0.3

Action                   |  1- 3 |  4- 6 || total
-------------------------+-------+-------++-------
Melee: Unarmed           |    84 |       ||    84
       Hand axe          |     7 |    21 ||    28
       Club              |       |   113 ||   113
 Cast: Sting             |    26 |     3 ||    29
       Poisonous Vapours |     7 |    22 ||    29
       Mephitic Cloud    |       |     6 ||     6
  Use: Scroll            |     9 |     6 ||    15
       Potion            |     5 |     4 ||     9
 Stab: Sleeping          |       |     1 ||     1
       Confused          |       |     3 ||     3
  Eat: Chunk             |       |    10 ||    10
Armor: Robe              |    42 |       ||    42
       Ring mail         |       |    72 ||    72
Dodge: Dodged            |    67 |    89 ||   156
